 Dungeon Crawl Stone Soup version 0.25.0-11-g1f837a76a1 (webtiles) character file.

Game seed: 6100218306884030934

10515 xccam the Thaumaturge (level 11, -5/82 HPs)
             Began as a Gnoll Wanderer on June 24, 2020.
             Was a High Priest of Cheibriados.
             Slain by a death yak (8 damage)
             ... on level 10 of the Dungeon.
             The game lasted 00:33:23 (13976 turns).

xccam the Thaumaturge (Gnoll Wanderer)             Turns: 13976, Time: 00:33:23

Health: -5/82      AC:  7    Str: 24    XL:     11   Next: 63%
Magic:  22/26      EV: 18    Int: 33    God:    Cheibriados [*****.]
Gold:   580        SH:  5    Dex: 26    Spells: 15/32 levels left

rFire    . . .     SeeInvis .   A - +3 lajatang (pain)
rCold    . . .     Gourm    .   (shield currently unavailable)
rNeg     . . .     Faith    .   s - +2 robe {MR+}
rPois    .         Spirit   .   (no helmet)
rElec    .         Reflect  +   B - +2 cloak {Stlth+}
rCorr    .         Harm     .   (no gloves)
MR       ++...                  (no boots)
Stlth    ++++......             k - amulet of reflection
HPRegen  0.23/turn              z - ring of protection from magic
MPRegen  0.20/turn              (no ring)

@: very slow
A: distributed training, fangs 1, strong nose
a: Bend Time, Temporal Distortion, Slouch, Step From Time, Renounce Religion


You were on level 10 of the Dungeon.
You worshipped Cheibriados.
Cheibriados was extremely pleased with you.
You were not hungry.

You visited 1 branch of the dungeon, and saw 10 of its levels.
You also visited: Ossuary.

You collected 580 gold pieces.

Inventory:

Hand Weapons
 j - a +2 mace of protection
 p - a +2 antimagic hand axe
 A - a +3 lajatang of pain (weapon)
 C - the +2 mace of Biliw {vorpal, rC+ Dex+4}
   (You found it on level 5 of the Dungeon)

   It inflicts extra damage upon your enemies.
   It affects your dexterity (+4).
   It protects you from cold.
Missiles
 e - 177 stones (quivered)
Armour
 m - a +4 plate armour of positive energy
 s - a +2 robe of magic resistance (worn)
 v - a +0 scale mail
 B - a +2 cloak of stealth (worn)
Jewellery
 i - a cursed ring of attention {unknown}
 k - an amulet of reflection (around neck)
 z - a ring of protection from magic (left hand)
Wands
 h - a wand of paralysis (16)
 q - a wand of acid (9)
 x - a wand of flame (25)
Scrolls
 d - 3 scrolls of enchant weapon
 o - 2 scrolls of amnesia
 r - 3 scrolls of identify
 t - a scroll of fog
 y - 4 scrolls of remove curse
Potions
 a - 2 potions of mutation
 c - 3 potions of flight
 g - a potion of heal wounds
 l - 3 potions of curing
 n - 2 potions of stabbing
 w - a potion of cancellation {unknown}
Comestibles
 b - 7 chunks of flesh
 f - 21 rations


   Skills:
 + Level 6.3 Fighting
 + Level 6.3 Short Blades
 + Level 6.3 Long Blades
 + Level 6.3 Axes
 + Level 6.3 Maces & Flails
 + Level 6.3 Polearms
 + Level 6.3 Staves
 + Level 6.3 Slings
 + Level 6.3 Bows
 + Level 6.3 Crossbows
 + Level 6.3 Throwing
 + Level 6.3 Armour
 + Level 6.3 Dodging
 + Level 6.3 Stealth
 + Level 6.9 Shields
 + Level 6.3 Unarmed Combat
 + Level 11.1 Spellcasting
 + Level 5.2 Conjurations
 + Level 5.2 Hexes
 + Level 5.2 Charms
 + Level 5.2 Summonings
 + Level 5.7 Necromancy
 + Level 5.2 Translocations
 + Level 5.2 Transmutations
 + Level 5.2 Fire Magic
 + Level 5.7 Ice Magic
 + Level 5.2 Air Magic
 + Level 6.6 Earth Magic
 + Level 5.2 Poison Magic
 + Level 7.0 Invocations
 + Level 6.9 Evocations


You had 15 spell levels left.
You knew the following spells:

 Your Spells              Type           Power        Failure   Level  Hunger
a - Shock                 Conj/Air       ####         1%          1    None
b - Sandblast             Erth           ######       1%          1    None
c - Stone Arrow           Conj/Erth      ######       1%          3    None
d - Mephitic Cloud        Conj/Pois/Air  ######..     1%          3    None
e - Conjure Flame         Conj/Fire      ######..     1%          3    None
f - Lee's Rapid Deconstr  Erth           ######....   4%          5    ##.....
g - Apportation           Tloc           ######       1%          1    None

Your spell library contained the following spells:

 Spells                   Type           Power        Failure   Level  Hunger
 Animate Skeleton         Necr           N/A          1%          1    None
 Corona                   Hex            ######.      1%          1    None
 Summon Small Mammal      Summ           ####         1%          1    None
 Passwall                 Tmut/Erth      ######..     1%          2    None
 Poisonous Vapours        Pois/Air       ######       1%          2    None
 Static Discharge         Conj/Air       ######..     1%          3    None
 Petrify                  Tmut/Erth      ######..     2%          4    None
 Freezing Cloud           Conj/Ice/Air   ######....   38%         6    ####...
 Ring of Flames           Chrm/Fire      ######....   94%         7    ######.


Dungeon Overview and Level Annotations

Branches:
Dungeon (10/15)            Temple (0/1) D:7         Ossuary (visited)
   Lair: D:8-11         Orc: D:9-12

Altars:
Ashenzari
Cheibriados
Dithmenos
Fedhas
Gozag
Hepliaklqana
Kikubaaqudgha
Makhleb
Nemelex Xobeh
Qazlal
Ru
Trog
Wu Jian
Yredelemnul
The Shining One


Innate Abilities, Weirdness & Mutations

Your experience applies equally to all skills.
You have very sharp teeth.
Your uncanny sense of smell can sniff out nearby items.


Message History

b - 7 chunks of flesh (gained 4)
Things that are here:
a +0 giant spiked club; a +0 giant club; a two-headed ogre skeleton The death yak bellows!
The death yak bellows! x5
Found 15 gold pieces.
The death yak misses you. The death yak gores you! x2
You block the death yak's attack. The death yak gores you! x2
* * * LOW HITPOINT WARNING * * *
The death yak bellows!
The death yak misses you. You block the death yak's attack.
Okay, then.
Okay, then.
Okay, then.
You fail to use your ability.
The death yak gores you!!
* * * LOW HITPOINT WARNING * * *
The death yak completely misses you. The death yak misses you.
The death yak gores you!
You die...

#######################
#...#..................
#...#..................
#...'..................
#...#..................
#...#......YYY.........
#...#####...@YY.!....$.
#...#...#.).YY.........
##'##...#........Y.....
#.......#..............
#.......#..............
#####...#..............
#...#...#....................
#...#...#....................
#...#...#......... .......


You could see 8 death yaks.

Vanquished Creatures
  3 two-headed ogres
  2 death yaks
  The ghost of Enish the Chopper, a novice MiBe of Trog (D:6)
  Pikel (D:7)
  A centaur skeleton (D:10)
  Joseph (D:9)
  Sigmund (D:4)
  Eustachio (D:4)
  4 yaks (D:9)
  Grum (D:9)
  Edmund (D:4)
  3 orc warriors (D:7)
  3 sky beasts
  2 eyes of draining (D:3)
  A necrophage (D:9)
  5 ogres
  A black bear (D:10)
  3 ice beasts
  2 wolves (D:9)
  5 centaurs
  Blork the orc (D:5)
  A big kobold (D:9)
  2 bullfrogs (D:6)
  2 scorpions
  6 killer bees
  5 wights
  2 howler monkeys
  2 crimson imps
  5 hounds
  2 gnoll shamans
  7 jellies
  A bullfrog skeleton (D:6)
  A bullfrog zombie (D:8)
  5 orc priests
  14 orc wizards
  Crazy Yiuf (D:5)
  2 iguanas
  Ijyb (D:3)
  Natasha (thrice) (D:3)
  8 worker ants
  3 mummies (Ossuary)
  A worker ant zombie (D:7)
  Robin (D:3)
  5 adders
  A howler monkey skeleton (D:4)
  12 gnolls
  3 shadow imps
  6 oozes
  5 adder zombies
  4 worms
  2 dart slugs
  6 leopard geckos
  39 orcs
  2 ball pythons
  6 giant cockroaches
  12 goblins
  9 hobgoblins
  7 jackals
  2 quokkas
  3 bats
  5 frilled lizards
  2 goblin zombies (Ossuary)
  4 hobgoblin zombies (Ossuary)
  10 kobolds
  3 kobold zombies (Ossuary)
  A leopard gecko zombie (D:5)
  A quokka skeleton (D:6)
  6 quokka zombies
  A rat (D:3)
  A rat zombie (Ossuary)
276 creatures vanquished.

Vanquished Creatures (others)
  A slave (D:7)
  An orc (D:7)
2 creatures vanquished.

Grand Total: 278 creatures vanquished

Notes
Turn   | Place    | Note
-------+----------+-------------------------------------------
     0 | D:1      | Reached skill level 9 in Spellcasting
     0 | D:1      | xccam the Gnoll Wanderer began the quest for the Orb.
     0 | D:1      | xccam set off with the following items: a +0 dagger, a +0
                  | robe, a ration; and the following spells available to
                  | memorise: Sandblast, Passwall, Shock, Stone Arrow, Static
                  | Discharge, Petrify, Lee's Rapid Deconstruction
     0 | D:1      | Reached XP level 1. HP: 13/13 MP: 10/10
     2 | D:1      | Learned a level 1 spell: Shock
     5 | D:1      | Noticed an electric eel
     5 | D:1      | Noticed an electric eel
   234 | D:1      | Reached XP level 2. HP: 19/19 MP: 9/12
   710 | D:1      | Learned a level 1 spell: Sandblast
  1039 | D:2      | Found a hazy altar of Hepliaklqana.
  1288 | D:2      | Reached XP level 3. HP: 25/25 MP: 6/13
  2263 | D:3      | Found a snail-covered altar of Cheibriados.
  2265 | D:3      | Reached skill level 1 in Invocations
  2379 | D:3      | Reached skill level 1 in Fighting
  2379 | D:3      | Reached skill level 1 in Short Blades
  2379 | D:3      | Reached skill level 1 in Long Blades
  2379 | D:3      | Reached skill level 1 in Axes
  2379 | D:3      | Reached skill level 1 in Maces & Flails
  2379 | D:3      | Reached skill level 1 in Polearms
  2379 | D:3      | Reached skill level 1 in Staves
  2379 | D:3      | Reached skill level 1 in Slings
  2379 | D:3      | Reached skill level 1 in Bows
  2379 | D:3      | Reached skill level 1 in Crossbows
  2379 | D:3      | Reached skill level 1 in Throwing
  2379 | D:3      | Reached skill level 1 in Armour
  2379 | D:3      | Reached skill level 1 in Dodging
  2379 | D:3      | Reached skill level 1 in Stealth
  2379 | D:3      | Reached skill level 1 in Unarmed Combat
  2403 | D:3      | Found a burning altar of Makhleb.
  2413 | D:3      | Noticed Ijyb
  2421 | D:3      | Killed Ijyb
  2421 | D:3      | Reached XP level 4. HP: 32/32 MP: 11/15
  2469 | D:3      | Noticed Natasha
  2481 | D:3      | Killed Natasha
  2481 | D:3      | Reached skill level 1 in Conjurations
  2481 | D:3      | Reached skill level 1 in Hexes
  2481 | D:3      | Reached skill level 1 in Charms
  2481 | D:3      | Reached skill level 1 in Summonings
  2481 | D:3      | Reached skill level 1 in Translocations
  2481 | D:3      | Reached skill level 1 in Transmutations
  2481 | D:3      | Reached skill level 1 in Fire Magic
  2481 | D:3      | Reached skill level 1 in Air Magic
  2481 | D:3      | Reached skill level 1 in Poison Magic
  2795 | D:3      | Noticed Natasha
  2799 | D:3      | Killed Natasha
  2799 | D:3      | Reached XP level 5. HP: 37/37 MP: 11/16
  2980 | D:3      | Noticed Robin
  2996 | D:3      | Killed Robin
  3323 | D:3      | Noticed Natasha
  3336 | D:3      | Killed Natasha
  3547 | D:3      | Found a sparkling altar of Nemelex Xobeh.
  3547 | D:3      | Found a sacrificial altar of Ru.
  3548 | D:3      | Found a shadowy altar of Dithmenos.
  3885 | D:3      | Noticed an eye of draining
  3891 | D:3      | Found a bloodstained altar of Trog.
  3892 | D:3      | Noticed an eye of draining
  3904 | D:3      | Killed an eye of draining
  3904 | D:3      | Reached XP level 6. HP: 44/44 MP: 1/18
  3913 | D:3      | Killed an eye of draining
  4050 | D:4      | Noticed Edmund
  4062 | D:4      | HP: 2/44 [Edmund/+2 vorpal flail (3)]
  4065 | D:4      | Killed Edmund
  4065 | D:4      | Reached XP level 7. HP: 3/50 MP: 6/20
  4750 | D:4      | Found a stormy altar of Qazlal.
  4822 | D:3      | Became a worshipper of Cheibriados the Contemplative
  5112 | D:4      | Noticed Sigmund
  5132 | D:4      | Killed Sigmund
  5358 | D:4      | Noticed Eustachio
  5368 | D:4      | Killed Eustachio
  5368 | D:4      | Reached XP level 8. HP: 49/57 MP: 13/21
  5549 | D:5      | Entered Level 5 of the Dungeon
  5825 | D:5      | Found a large runed translucent door.
  5826 | D:5      | Found a large runed translucent door.
  5827 | D:5      | Noticed Enish's ghost (novice MiBe)
  5918 | D:5      | Noticed Blork the orc
  5927 | D:5      | Killed Blork the orc
  5944 | D:5      | Found a runed translucent door.
  5945 | D:5      | Noticed Crazy Yiuf
  5950 | D:5      | Killed Crazy Yiuf
  5961 | D:5      | Got a faintly glowing mace
  5962 | D:5      | Identified the +2 mace of Biliw {vorpal, rC+ Dex+4} (You
                  | found it on level 5 of the Dungeon)
  6639 | D:6      | Reached * piety under Cheibriados
  6640 | D:6      | Reached skill level 10 in Spellcasting
  6674 | D:6      | Killed Enish's ghost
  6674 | D:6      | Reached skill level 5 in Earth Magic
  6674 | D:6      | Reached XP level 9. HP: 7/65 MP: 19/23
  7132 | D:6      | Reached skill level 5 in Shields
  7132 | D:6      | Reached skill level 5 in Evocations
  7626 | D:6      | Reached ** piety under Cheibriados
  7739 | D:6      | Learned a level 3 spell: Stone Arrow
  8380 | D:7      | Found a staircase to the Ecumenical Temple.
  8404 | D:7      | Reached skill level 5 in Invocations
  8631 | D:7      | Reached XP level 10. HP: 73/73 MP: 11/24
  9033 | D:7      | Noticed Pikel
  9037 | D:7      | Reached *** piety under Cheibriados
  9062 | D:7      | Killed Pikel
  9062 | D:7      | Reached skill level 5 in Fighting
  9062 | D:7      | Reached skill level 5 in Short Blades
  9062 | D:7      | Reached skill level 5 in Long Blades
  9062 | D:7      | Reached skill level 5 in Axes
  9062 | D:7      | Reached skill level 5 in Maces & Flails
  9062 | D:7      | Reached skill level 5 in Polearms
  9062 | D:7      | Reached skill level 5 in Staves
  9062 | D:7      | Reached skill level 5 in Slings
  9062 | D:7      | Reached skill level 5 in Bows
  9062 | D:7      | Reached skill level 5 in Crossbows
  9062 | D:7      | Reached skill level 5 in Throwing
  9062 | D:7      | Reached skill level 5 in Armour
  9062 | D:7      | Reached skill level 5 in Dodging
  9062 | D:7      | Reached skill level 5 in Stealth
  9062 | D:7      | Reached skill level 5 in Unarmed Combat
  9263 | D:7      | Learned a level 3 spell: Mephitic Cloud
  9267 | D:7      | Learned a level 3 spell: Conjure Flame
  9346 | D:8      | Found an opulent altar of Gozag.
  9774 | D:8      | Found a sand-covered staircase.
  9780 | Ossuary  | Entered an ossuary
  9978 | D:8      | Reached **** piety under Cheibriados
  9996 | D:8      | Found an ornate altar of the Wu Jian Council.
 10260 | D:8      | Found a glowing golden altar of the Shining One.
 10269 | D:8      | Found a shattered altar of Ashenzari.
 10272 | D:8      | Found an ancient bone altar of Kikubaaqudgha.
 10798 | D:9      | Learned a level 5 spell: Lee's Rapid Deconstruction
 10809 | D:9      | Reached skill level 5 in Necromancy
 10809 | D:9      | Reached skill level 5 in Ice Magic
 11092 | D:9      | Found a blossoming altar of Fedhas.
 11513 | D:9      | Noticed Grum
 11520 | D:9      | Reached ***** piety under Cheibriados
 11525 | D:9      | Killed Grum
 11746 | D:9      | Noticed Joseph
 11759 | D:9      | Killed Joseph
 11759 | D:9      | Reached XP level 11. HP: 44/81 MP: 13/25
 11938 | D:9      | Found a basalt altar of Yredelemnul.
 12003 | D:9      | Noticed a two-headed ogre
 12009 | D:9      | Killed a two-headed ogre
 12094 | D:9      | Noticed a two-headed ogre
 12101 | D:9      | Killed a two-headed ogre
 12101 | D:9      | Reached skill level 5 in Conjurations
 12101 | D:9      | Reached skill level 5 in Hexes
 12101 | D:9      | Reached skill level 5 in Charms
 12101 | D:9      | Reached skill level 5 in Summonings
 12101 | D:9      | Reached skill level 5 in Translocations
 12101 | D:9      | Reached skill level 5 in Transmutations
 12101 | D:9      | Reached skill level 5 in Fire Magic
 12101 | D:9      | Reached skill level 5 in Air Magic
 12101 | D:9      | Reached skill level 5 in Poison Magic
 12249 | D:9      | Learned a level 1 spell: Apportation
 12425 | D:9      | Reached skill level 11 in Spellcasting
 12584 | D:10     | Entered Level 10 of the Dungeon
 12861 | D:10     | Noticed a death yak
 12864 | D:10     | Noticed a death yak
 12865 | D:10     | Noticed a death yak
 12867 | D:10     | Noticed a death yak
 12867 | D:10     | Noticed a death yak
 12868 | D:10     | Noticed a death yak
 12869 | D:10     | Killed a death yak
 12869 | D:10     | Noticed a death yak
 12884 | D:9      | Killed a death yak
 13288 | D:10     | Noticed a death yak
 13288 | D:10     | Noticed a death yak
 13289 | D:10     | Noticed a death yak
 13957 | D:10     | Noticed a two-headed ogre
 13964 | D:10     | Killed a two-headed ogre
 13976 | D:10     | HP: 3/82 [death yak (20)]
 13976 | D:10     | Slain by a death yak

Illustrated notes

Levels and vault maps discovered:
D:1:      arrival_aquarium_b, layout_basic
D:2:      layout_basic, lemuel_round_altar
D:3:      layout_loops_corners, nicolae_overflow_crystal_walls,
          kennysheep_slug_shrine, trog_eyes_of_draining,
          gammafunk_temple_overflow_claw, gup_sewer_entry_bowl, uniq_ijyb,
          uniq_natasha, uniq_robin
D:4:      layout_loops_ring, kennysheep_little_box, uniq_edmund, uniq_eustachio,
          uniq_sigmund
D:5:      layout_rooms, ebering_ghost_disaster_area, first_ration,
          uniq_crazy_yiuf_cottage, uniq_blork_the_orc
D:6:      layout_gridville
D:7:      layout_rooms, temple_pool_b, uniq_pikel
D:8:      layout_loops_corners, lemuel_doored_altar,
          minmay_overflow_temple_star_quad, nicolae_ossuary_entry_plus,
          basic_altar
D:9:      layout_cave_pods, kennysheep_mini_moat, basic_altar,
          hangedman_little_slice_of_home, minmay_misc_feat_chi, uniq_joseph,
          uniq_grum
D:10:     layout_grid_maze, dpeg_lair_monsters

Skill      XL: |  1  2  3  4  5  6  7  8  9 10 11 |
---------------+----------------------------------+-----
Spellcasting   | 10 11 | 11.1
Necromancy     | 2 3 4 5 |  5.7
Ice Magic      | 2 3 4 5 |  5.7
Invocations    | 1 2 3 4 5 6 7 |  7.0
Fighting       | 1 2 4 5 6 |  6.3
Short Blades   | 1 2 4 5 6 |  6.3
Long Blades    | 1 2 4 5 6 |  6.3
Axes           | 1 2 4 5 6 |  6.3
Maces & Flails | 1 2 4 5 6 |  6.3
Polearms       | 1 2 4 5 6 |  6.3
Staves         | 1 2 4 5 6 |  6.3
Slings         | 1 2 4 5 6 |  6.3
Bows           | 1 2 4 5 6 |  6.3
Crossbows      | 1 2 4 5 6 |  6.3
Throwing       | 1 2 4 5 6 |  6.3
Armour         | 1 2 4 5 6 |  6.3
Dodging        | 1 2 4 5 6 |  6.3
Stealth        | 1 2 4 5 6 |  6.3
Unarmed Combat | 1 2 4 5 6 |  6.3
Conjurations   | 1 2 3 4 5 |  5.2
Hexes          | 1 2 3 4 5 |  5.2
Charms         | 1 2 3 4 5 |  5.2
Summonings     | 1 2 3 4 5 |  5.2
Translocations | 1 2 3 4 5 |  5.2
Transmutations | 1 2 3 4 5 |  5.2
Fire Magic     | 1 2 3 4 5 |  5.2
Air Magic      | 1 2 3 4 5 |  5.2
Poison Magic   | 1 2 3 4 5 |  5.2
Shields        | 3 4 5 6 |  6.9
Evocations     | 3 4 5 6 |  6.9
Earth Magic    | 4 5 6 |  6.6

Action                   |  1- 3 |  4- 6 |  7- 9 | 10-12 || total
-------------------------+-------+-------+-------+-------++-------
Melee: Dagger            |     2 |       |       |       ||     2
       Mace              |    25 |    40 |    56 |       ||   121
       Bite              |     2 |     8 |    23 |    47 ||    80
       Lajatang          |       |       |   139 |   267 ||   406
 Cast: Shock             |    54 |    46 |    83 |    80 ||   263
       Sandblast         |    13 |    20 |    31 |    10 ||    74
       Stone Arrow       |       |       |     4 |    23 ||    27
       Mephitic Cloud    |       |       |       |     7 ||     7
       Conjure Flame     |       |       |       |     1 ||     1
       Lee's Rapid Decon |       |       |       |     5 ||     5
Invok: Bend Time         |       |       |     2 |       ||     2
  Use: Scroll            |     6 |       |     2 |     8 ||    16
       Potion            |       |       |     6 |     2 ||     8
 Stab: Sleeping          |       |     3 |     6 |    10 ||    19
  Eat: Chunk             |     4 |     6 |    11 |     6 ||    27
       Ration            |       |       |       |     1 ||     1
Armor: Robe              |    19 |    14 |    62 |    54 ||   149
       Skin              |       |       |       |     3 ||     3
Dodge: Dodged            |    25 |    25 |   138 |   225 ||   413
Block: Other             |       |       |    27 |    62 ||    89
       Reflection        |       |       |     3 |     3 ||     6
